[Event "26th Hit Open-A 2022"]
[Site "Nova Gorica"]
[Date "2022.09.21"]
[Round "8.5"]
[White "Lodici, Lorenzo"]
[Black "Marn, Jan"]
[Result "0-1"]
[ECO "C29"]
[WhiteElo "2559"]
[BlackElo "2307"]
[Annotator "TA"]
[PlyCount "48"]
[EventDate "2022.09.16"]
[EventType "swiss"]
[EventCountry "SLO"]
[SourceTitle "playchess.com"]
[Source "ChessBase"]
[SourceQuality "1"]
[TimeControl "5400+30"]

1. e4 e5 2. Nc3 Nf6 3. f4 d5 4. fxe5 Nxe4 5. Qf3 f5 6. d3 Nxc3 7. bxc3 d4 $1 8. Qg3 {[%emt 0:01:08] C29: Vienna Game: 2...Nf6 3 f4.} Nc6 9. Be2 Be6 (9... dxc3 10. Bh5+ Kd7 11. Bf7 $18) 10. Bf3 {[%emt 0:00:05] Black has an edge. 10.c4 gains popularity.} Qd7 (10... dxc3 11. Bxc6+ bxc6 12. Ne2 $11) 11. c4 {[%emt 0:05:27] [#]} Nb4 $146 ({Predecessor:} 11... O-O-O 12. Rb1 h6 13. h4 Bc5 14. Nh3 Bxc4 15. dxc4 d3 16. Bd5 dxc2 17. Rb2 Rde8 {1-0 (58) Krastev,A (2402)-Sonis,F (2539) Corte 2022}) 12. Bd1 O-O-O 13. h4 Bc5 14. Nf3 g6 15. Bh6 Bxc4 16. dxc4 (16. a3 $11) 16... d3 $36 {[%emt 0:00:05][%mdl 2048] Black has some pressure. Black is more active.} 17. c3 Nc2+ 18. Bxc2 dxc2 19. Bd2 $2 {[%emt 0:04:11][%mdl 8192] [#] Now White is beyond hope.} ({White must play} 19. Nd2 $15) 19... h6 $1 $19 {[%emt 0:11:11] ...Qd3 is the strong threat.} ({Worse is} 19... Qd3 20. Qf4 $17) 20. Rh3 g5 {[%emt 0:04:10] Prevents Qf4.} 21. hxg5 hxg5 (21... f4 $142 22. Qh4 (22. Qxf4 $2 Rhf8 $19) 22... Rhe8 23. Qxf4 Rf8) 22. Qxg5 {[%emt 0:06:27] [#]} (22. Rxh8 Rxh8 23. Ke2) 22... Rhg8 $1 {[%emt 0:01:17][%cal Bh8g8,Bg8g2,Bg2g1][%mdl 96] Deflection} 23. Qf6 Rxg2 {[%emt 0:00:22][%cal Og2g1] ( -> ...Rg1+!)} 24. Rh8 {[%emt 0:00:23] [#]} Rg1+ $1 {[%emt 0:00:11][%mdl 576] Skewer.  Weighted Error Value: White=1.14/Black=0.25 (precise)} 0-1

[Event "26th Hit Open-A 2022"]
[Site "Nova Gorica"]
[Date "2022.09.21"]
[Round "8.6"]
[White "Seo, Jung Min"]
[Black "Brilej, Jaka"]
[Result "1-0"]
[ECO "D02"]
[WhiteElo "2516"]
[BlackElo "2329"]
[Annotator "TA"]
[PlyCount "95"]
[EventDate "2022.09.16"]
[EventType "swiss"]
[EventCountry "SLO"]
[SourceTitle "playchess.com"]
[Source "ChessBase"]
[SourceQuality "1"]
[TimeControl "5400+30"]

1. Nf3 d5 2. g3 g6 3. Bg2 Bg7 4. d4 c6 5. O-O Nf6 6. a4 {[%emt 0:10:11] D02: 1 d4 d5 2 Nf3 sidelines, including 2...Nf6 3 g3 and 2...Nf6 3 Bf4.} a5 7. Re1 O-O 8. Nbd2 {[%emt 0:00:55] The position is equal.} Bf5 9. c3 Nbd7 10. Nh4 Be6 11. e4 dxe4 12. Nxe4 Nxe4 (12... Re8 {looks sharper.} 13. Ng5 Bd5 14. Bf1 h6) 13. Bxe4 Nf6 14. Bg2 {[%emt 0:00:13][%cal Oe1e6] [#]} Qb6 $146 ({Predecessor:} 14... Bd5 15. Bh3 Re8 16. Qe2 Bb3 {½-½ (47) Richter,C (2330)-Wolter,K (2238) Germany 2013}) 15. Nf3 Rad8 {[%emt 0:06:35] [#]} 16. Rxe6 $1 fxe6 17. Qe2 e5 (17... Nd5 $14) 18. Nxe5 $16 Qc7 19. Nd3 ({White should try} 19. Bh3 $18) 19... e6 20. Qxe6+ Kh8 21. Bf4 Qc8 (21... Qb6 $16 {was called for.} 22. Rd1 Rde8) 22. Nc5 (22. Qxc8 $18 Rxc8 23. Ra3) 22... b6 23. Qxc8 {[%emt 0:00:37] White has more active pieces.} Rxc8 24. Ne6 Rf7 25. Be5 Re7 26. Nxg7 Kxg7 27. Ra3 Kf7 28. Bh3 {[%emt 0:00:17] This bishop pair is nice.} Rce8 {[%emt 0:03:00] [#]} 29. Rb3 $1 Nd5 30. Bg2 Re6 31. f4 Rd8 32. Kf2 Kf8 (32... b5 $16 {is a better defense.}) 33. Be4 Kf7 (33... b5 $16 34. axb5 a4) 34. Kf3 Kf8 35. h3 Kf7 36. g4 Kf8 (36... b5 $142 37. Ra3 (37. axb5 a4 $16) 37... b4 38. cxb4 Nxb4) 37. h4 Kf7 38. f5 gxf5 39. Bxf5 Rh6 40. Kg3 Ne7 41. Rxb6 Nxf5+ 42. gxf5 $18 {[%emt 0:00:02][%mdl 4096] Endgame KRR-KRB} Rg8+ 43. Kh3 Rg1 44. Rb7+ Ke8 45. b4 axb4 46. cxb4 Rh1+ $2 (46... Rf1 47. Kg4 Rg1+ 48. Kf3 Rf1+ 49. Ke2 Ra1) 47. Kg2 R6xh4 48. f6 {[%emt 0:00:20] Weighted Error Value: White=0.13 (very precise) /Black=0.30} 1-0

[Event "26th Hit Open-A 2022"]
[Site "Nova Gorica"]
[Date "2022.09.21"]
[Round "8.7"]
[White "Subelj, Jan"]
[Black "Fercec, Nenad"]
[Result "1-0"]
[ECO "B90"]
[WhiteElo "2505"]
[BlackElo "2403"]
[Annotator "TA"]
[PlyCount "57"]
[EventDate "2022.09.16"]
[EventType "swiss"]
[EventCountry "SLO"]
[SourceTitle "playchess.com"]
[Source "ChessBase"]
[SourceQuality "1"]
[TimeControl "5400+30"]

1. e4 c5 2. Nf3 d6 3. d4 cxd4 4. Nxd4 Nf6 5. Nc3 a6 6. Rg1 h5 {[%emt 0:02:23] B90: Sicilian Najdorf: Unusual White 6th moves, 6 Be3 Ng4 and 6 Be3 e5.} (6... b5 $11) 7. Be3 (7. Bg5 $1 $14) 7... Ng4 {[%emt 0:06:28] [#]} 8. Bg5 $146 ({Predecessor:} 8. Bf4 e5 9. h3 Nf6 10. Bg5 exd4 11. Qxd4 Nc6 12. Qe3 Be7 13. O-O-O Qa5 14. Kb1 {0-1 (41) Filek,M (1932)-Milanollo,M (2053) Playchess.com INT 2020}) 8... Nxh2 {[%emt 0:02:58] White has an edge.} 9. Bc4 Ng4 10. Qd2 (10. Qf3 f6 11. Be3 Nc6 $15) 10... Nd7 11. O-O-O (11. Qf4 $2 Nde5 12. Bb3 f6 $19) 11... Qc7 12. Bb3 {[%emt 0:05:52] Black must now prevent Nd5.} e6 {[%emt 0:05:48] Inhibits Nd5.} (12... Nc5 $14) 13. Bxe6 fxe6 14. Nxe6 Qa5 15. f4 {[%emt 0:00:29][%mdl 1024] Against Nde5. Rge1 is the strong threat. White has strong compensation.} Kf7 $2 (15... Ndf6 $16 16. Nxf8 Rxf8) 16. Bd8 $1 $18 b6 {[%emt 0:01:01] [#]} 17. Nc7 ({White has to play} 17. Qd4 $1 $18) 17... Rb8 (17... Bb7 18. Nxa8 Bxa8 19. e5 $16) (17... Ra7 $1 $15) 18. e5 $11 ({Avoid the trap} 18. Qd4 $2 Qc5 19. Bh4 Qxd4 20. Rxd4 Nc5 $19) 18... Nc5 {[%emt 0:02:52] Prevents e6+.} 19. exd6 (19. Qd4 $2 Bf5 20. Bg5 dxe5 21. fxe5 Kg8 $19) (19. f5 $14 Bxf5 20. Rgf1) 19... Bf5 $1 $15 20. Bg5 {[%emt 0:02:50] [#]} (20. Be7 $17) 20... Nf6 $2 ({And not} 20... Kg6 21. Qd4 $15) (20... Nd3+ $1 $19 21. cxd3 (21. Kb1 Bxd6) 21... Bxd6) 21. Qe2 $16 Ncd7 22. Rge1 {[%emt 0:06:40][%cal Bg1e1,Be1e5,Be5f5][%mdl 32] Strongly threatening Bxf6. White is much more active. The black rooks are badly placed.} (22. Bxf6 $5 Nxf6 23. Rge1 $11) 22... Kg6 23. Bxf6 Nxf6 24. Qf1 (24. Qf2 $1 $14 Bg4 25. Re5) 24... b5 $1 $11 {[%emt 0:03:08][%cal Of8d6] And now ...Bxd6! would win.} 25. Re5 {[%emt 0:00:42][%cal Oe5f5] Threatens to win with Rxf5!} Bxd6 $2 {[%emt 0:02:48] [#]} 26. Rxf5 $1 $18 {[%emt 0:00:08] Dancing on a razor blade.} ({Don't blunder} 26. Rxd6 $2 Qxc7 27. Rxa6 Rhd8 $19) 26... Bxc7 $4 {[%emt 0:01:16][%mdl 8192] [#]} (26... Qxc7 $16 27. Qd3 Kf7) 27. Qd3 $1 {[%emt 0:00:49] Threatening mate with Rg5+. White is clearly winning.} Kf7 (27... Kh6 $2 28. g4 Bxf4+ 29. Rxf4) (27... Rhd8 $142 28. Rg5+ Kf7 29. Qg6+ Ke6 30. f5+ Ke5 31. Re1+ Kd6) 28. Qd7+ Kf8 29. Nd5 {[%emt 0:00:29] Weighted Error Value: White=0.34/Black=0.66} 1-0

[Event "26th Hit Open-A 2022"]
[Site "Nova Gorica"]
[Date "2022.09.21"]
[Round "8.8"]
[White "Schreiner, Peter"]
[Black "Diermair, Andreas"]
[Result "1/2-1/2"]
[WhiteElo "2405"]
[BlackElo "2468"]
[Annotator "TA"]
[PlyCount "32"]
[EventDate "2022.09.16"]
[EventType "swiss"]
[EventCountry "SLO"]
[SourceTitle "playchess.com"]
[Source "ChessBase"]
[SourceQuality "1"]
[TimeControl "5400+30"]

1. e4 c5 2. Nf3 d6 3. d4 cxd4 4. Nxd4 Nf6 5. Nc3 a6 6. Bd3 e5 7. Nde2 Be7 8. O-O O-O {[%emt 0:00:08] [#]} {Predecessor:} 9. Ng3 $146 {B90: Sicilian Najdorf: Unusual White 6th moves, 6 Be3 Ng4 and 6 Be3 e5.} Be6 10. Nd5 Bxd5 11. exd5 g6 12. a4 Nbd7 13. a5 b5 14. c4 b4 15. Bc2 Qc7 16. b3 Nc5 {1-0 (35) Shevchenko,K (2652)-Volokitin,A (2687) Germany 2022} 1/2-1/2

[Event "26th Hit Open-A 2022"]
[Site "Nova Gorica"]
[Date "2022.09.21"]
[Round "8.9"]
[White "Kaasen, Tor Fredrik"]
[Black "Stevanic, David"]
[Result "1-0"]
[ECO "D37"]
[WhiteElo "2442"]
[BlackElo "2261"]
[Annotator "TA"]
[PlyCount "113"]
[EventDate "2022.09.16"]
[EventType "swiss"]
[EventCountry "SLO"]
[SourceTitle "playchess.com"]
[Source "ChessBase"]
[SourceQuality "1"]
[TimeControl "5400+30"]

1. d4 Nf6 2. c4 e6 3. Nf3 d5 4. Nc3 Be7 5. Bf4 c6 6. e3 O-O 7. h3 Nbd7 8. a3 dxc4 {[%emt 0:06:19] D37: Queen's Gambit Declined: 5 Bf4.} 9. Bxc4 b5 10. Be2 {[%emt 0:08:45] [#]} b4 $146 {[%emt 0:03:43] The position is equal.} ({Predecessor:} 10... Bb7 11. O-O a6 12. b4 a5 13. Qb3 Nd5 14. Nxd5 exd5 15. Rfc1 Nb6 16. bxa5 Rxa5 {1-0 (42) Rakhimzhan,A (1801)-Khuslen,A (1651) Ulaanbaatar 2015}) 11. axb4 Bxb4 12. Qc2 a5 13. O-O Ba6 14. Bxa6 Rxa6 15. Rfd1 {[%emt 0:00:17] White has more active pieces. The black rooks are badly placed.} Qe7 16. e4 Rfa8 17. Rac1 (17. Bg3 $16) 17... Bxc3 $11 18. bxc3 c5 19. Bg5 {[%emt 0:07:42] Strongly threatening e5.} h6 20. Bh4 e5 (20... Qe8 $11) 21. Bxf6 (21. d5 {is interesting.} a4 22. c4 Qd6 23. Ra1) 21... Rxf6 (21... Qxf6 {feels hotter.} 22. Qa4 Qe7 23. d5 Nb6) 22. Nxe5 Nxe5 23. dxe5 Qxe5 24. Rd5 Qf4 25. Rcd1 Re6 26. Re1 a4 27. g3 (27. Rxc5 $11 {was the only way to keep the balance.} a3 28. Rc4) 27... Qc7 (27... Qb8 $1 $17 {And now ...a3 would win.} 28. Ra1 a3) 28. Ra1 $15 a3 {[%emt 0:00:35] aiming for ...Rb6.} 29. c4 $1 Qa5 30. Kg2 Qb4 (30... a2 $15) 31. Rd3 $11 Ra4 32. f3 $2 (32. Rd8+ $11 {and White has nothing to worry.} Kh7 33. Rd7) 32... Qxc4 $2 (32... Rb6 $1 $19 {...Qb2 is the strong threat.} 33. Ra2 (33. Rd8+ $2 Kh7 $17) 33... Qb2 $3 ) 33. Qxc4 Rxc4 $19 {[%emt 0:00:02][%mdl 4096] Endgame KRR-KRR} 34. g4 Rc2+ 35. Kg3 Ra6 {[%emt 0:01:47] Threatens to win with ...a2.} 36. Raxa3 Rxa3 37. Rxa3 $11 {[%emt 0:00:03] KR-KR} g5 38. h4 gxh4+ 39. Kxh4 c4 40. Kg3 Kg7 41. Kf4 Rc1 42. Kf5 Rb1 43. f4 Rb6 44. e5 Rc6 45. Rc3 Kf8 (45... Rc8 $11 {remains equal.}) 46. Ke4 $16 Rg6 {[%emt 0:00:04] [#]} 47. Kf3 $1 ({Much less strong is} 47. Rxc4 Rxg4 48. Rc6 h5 $14) 47... Rc6 {[%emt 0:00:16] [#]} 48. f5 $1 Kg7 49. Ke4 {[%emt 0:00:06] Hoping for Kd4.} h5 $2 {[%emt 0:00:36][%mdl 8192] This costs Black the game.} (49... Rc8 $16 50. Kd4 Rd8+ 51. Ke4 (51. Kxc4 Rd1 $16) 51... Rd1) 50. Kd5 $2 (50. gxh5 Rc8 51. Kd5 Rd8+ 52. Kxc4) 50... Rc8 $2 (50... Rh6 51. Rh3 (51. Rxc4 hxg4 52. Rxg4+ Kf8 $16) 51... Rb6 52. f6+ (52. Rxh5 c3 $14) 52... Kg6) 51. gxh5 $18 Rh8 52. Rg3+ Kh6 53. e6 {[%emt 0:00:11] White mates.} fxe6+ 54. fxe6 Rc8 55. e7 Re8 56. Ke6 Ra8 57. Kf7 {[%emt 0:00:07] Weighted Error Value: White=0.30/Black=0.30} 1-0

[Event "26th Hit Open-A 2022"]
[Site "Nova Gorica"]
[Date "2022.09.21"]
[Round "8.10"]
[White "Lavrencic, Matic"]
[Black "Davies, Nigel R"]
[Result "1-0"]
[ECO "C11"]
[WhiteElo "2274"]
[BlackElo "2420"]
[Annotator "TA"]
[PlyCount "153"]
[EventDate "2022.09.16"]
[EventType "swiss"]
[EventCountry "SLO"]
[SourceTitle "playchess.com"]
[Source "ChessBase"]
[SourceQuality "1"]
[TimeControl "5400+30"]

1. e4 e6 2. d4 d5 3. Nc3 Nf6 4. e5 Nfd7 5. f4 c5 6. Nf3 a6 7. Be3 Qb6 8. a3 Nc6 {[%emt 0:02:08] C11: French: Classical System: 4 e5 and 4 Bg5 dxe4.} 9. Be2 cxd4 (9... Qxb2 $2 10. Na4 Qxa1 11. Qxa1 $18) 10. Nxd4 Bc5 {[%emt 0:02:17][%cal Rc6d4] The position is equal.} (10... Qxb2 $2 11. Na4 Qxa3 12. Rxa3 Bxa3 13. c4 $18) 11. Na4 (11. Nxc6 $2 Bxe3 12. Nb4 Bg1 $17) 11... Qa5+ 12. c3 {[%emt 0:06:14] [#] Strongly threatening Nxc6.} Ba7 (12... Bxd4 $5 13. Bxd4 Nxd4 14. Qxd4 b6 $11) 13. b4 Qc7 14. Qd2 {[%emt 0:02:32] [#]} b5 $146 ({Predecessor:} 14... O-O 15. O-O Re8 16. Kh1 b5 17. Nb2 f6 18. Nd3 Ncxe5 19. fxe5 fxe5 20. Nb3 Bb8 {1-0 (63) Shapoval,G (2183)-Romanova,I (2260) Kharkov 2012}) 15. Nb2 Nb6 16. a4 $36 {[%emt 0:11:58][%mdl 2048] White is pushing.} Nxd4 17. Bxd4 Bd7 18. a5 Nc4 19. Nxc4 dxc4 ({Black should play} 19... bxc4 $14 20. f5 O-O) 20. Bxa7 $16 Rxa7 21. Bf3 Bc6 22. Bxc6+ Qxc6 23. O-O-O {[%emt 0:00:12][%csl Gd1][%cal Rd2d8] [#]} O-O 24. Qe2 Rd7 25. Rxd7 Qxd7 {[%emt 0:00:06][%mdl 4096] Endgame KQR-KQR} 26. Rd1 Qc8 (26... Qa7 $142) 27. Rd6 {[%emt 0:02:10] aiming for Qf3. White is more active.} h6 (27... Qa8 $16 {was worth a try.}) 28. Qe4 g6 (28... h5 $142 29. Kd2 Qb8 30. Rxa6 Rd8+ 31. Kc2 Rd5) 29. h4 $18 Kg7 30. g3 Qa8 $2 (30... Kg8 31. g4 Qa8 32. Qxa8 Rxa8) 31. Qxa8 Rxa8 {[%emt 0:00:06] KR-KR} 32. Kd2 g5 33. h5 gxf4 34. gxf4 Kf8 35. f5 exf5 36. Rxh6 {[%emt 0:02:52] White threatens Rh8+ and mate.} Kg7 {[%emt 0:03:47] Prevents Rh8.} 37. Rf6 Re8 38. h6+ Kh7 39. Rxf7+ Kxh6 40. Rxf5 Rd8+ 41. Kc2 {[%emt 0:00:45] Hoping for Rf6+.} Rd5 42. Rf6+ Kg5 43. Rxa6 {[%emt 0:00:08] White wants to mate with Rd6.} Kf4 44. Rd6 Rxe5 45. a6 {[%emt 0:01:30][%cal Ba5a6,Ba6a7][%mdl 32] Rf6+ would kill now.} Re2+ 46. Rd2 (46. Kb1 $142 Re1+ 47. Kb2 Re2+ 48. Ka3 Rg2 49. Rb6 Rg1 50. Rxb5 Ra1+ 51. Kb2 Rxa6 52. Rc5) 46... Re6 47. a7 Ra6 48. Rd7 Ke4 49. Kb2 Ke5 50. Rb7 Ke4 51. Rd7 (51. Rxb5 $142 Rxa7 52. Rc5 Kd3 53. Rd5+ Ke3 54. Rd4 Rc7 55. Kc2 Kf3 56. Kd2) 51... Ke5 52. Rh7 {[%emt 0:00:25] Threatening mate with Rh5+.} Ke4 53. Rb7 Kd3 54. Rxb5 ({Weaker is} 54. Re7 Ra4 55. Rg7 Ke4 $16) 54... Rxa7 55. Rd5+ Ke3 56. b5 $2 (56. Rd4 {mates} Rc7 57. Kb1 Rc6 58. Kc2 Rc8 59. Rd7 Rc6 60. Re7+ Kf4 61. Kc1) 56... Ra5 $1 $11 57. Kc2 Ra2+ 58. Kb1 Ra5 59. Kb2 Ke4 60. Rh5 Kd3 $2 {[%emt 0:00:19][%mdl 8192] Black is on the road to losing.} (60... Ke3 $11) 61. Rc5 $18 Ke3 62. Rxc4 {[%emt 0:00:37] White mates.} Rxb5+ 63. Kc2 Rb8 64. Rd4 Rb7 65. Rd5 Ke4 66. c4 Rb8 67. Kc3 Rb1 68. Rd6 Ke5 69. c5 Rb8 70. Kc4 Rb1 71. Rd7 Ke6 72. c6 Rb2 73. Kc5 Rb1 74. Rd8 Ke7 75. c7 Rc1+ 76. Kb6 Rb1+ 77. Ka5 {[%emt 0:00:21] Weighted Error Value: White=0.25 (precise) /Black=0.37} 1-0

[Event "26th Hit Open-A 2022"]
[Site "Nova Gorica"]
[Date "2022.09.21"]
[Round "8.11"]
[White "Royal, Shreyas"]
[Black "Ronka, Erik"]
[Result "1-0"]
[ECO "E04"]
[WhiteElo "2412"]
[BlackElo "2248"]
[Annotator "TA"]
[PlyCount "37"]
[EventDate "2022.09.16"]
[EventType "swiss"]
[EventCountry "SLO"]
[SourceTitle "playchess.com"]
[Source "ChessBase"]
[SourceQuality "1"]
[TimeControl "5400+30"]

1. d4 d5 2. c4 e6 3. Nf3 Nf6 4. g3 dxc4 5. Bg2 a6 6. Ne5 {[%emt 0:00:12][%mdl 1024] White has compensation.} Bb4+ {[%emt 0:00:24] E04: Open Catalan: 5 Nf3.} 7. Nc3 {[%emt 0:00:11][%cal Bb1c3,Bc3e4,Be4g5][%mdl 32] [#] And now Qa4+ would win.} ({Don't play} 7. Bd2 Qxd4 8. Bxb4 Qxe5 $11) 7... Nd5 8. O-O {[%emt 0:00:12] Hoping for Nxd5.} O-O {[%emt 0:01:11] The position is equal.} 9. Ne4 $1 {[%emt 0:00:07][%mdl 4] is recently more successful than 9.Qc2.} c3 10. bxc3 Nxc3 11. Qc2 {[%emt 0:03:26] [#]} Qxd4 $146 ({Predecessor:} 11... Nxe4 12. Bxe4 f5 13. Bg2 Qxd4 14. Rb1 Qc3 15. Qa4 Qxe5 16. Qxb4 Qb5 17. Qc3 Qxb1 {1-0 (56) Cheparinov,I (2688)-Santos Latasa,J (2600) Barbera del Valles 2020}) 12. Ng5 {[%emt 0:04:53][%csl Gg5][%cal Rc2h7] [#]} f5 $1 13. Nd3 {[%emt 0:10:22] Black must now prevent e3.} Ba5 14. Ba3 Re8 15. Rfc1 Qa4 16. Qb2 (16. Qxa4 $11 {deserves consideration.} Nxa4 17. Rc4) 16... Nxe2+ $2 17. Qxe2 $18 {[%emt 0:00:06] Intending Qh5 and mate.} Qxa3 18. Qh5 $1 Bd7 19. Ne5 {[%emt 0:02:12] Weighted Error Value: White=0.08 (flawless) /Black=0.67} 1-0

[Event "26th Hit Open-A 2022"]
[Site "Nova Gorica"]
[Date "2022.09.21"]
[Round "8.12"]
[White "Chkhaidze, Nikoloz"]
[Black "Thybo, Jesper Sondergaard"]
[Result "1/2-1/2"]
[ECO "A88"]
[WhiteElo "2239"]
[BlackElo "2516"]
[Annotator "TA"]
[PlyCount "147"]
[EventDate "2022.09.16"]
[EventType "swiss"]
[EventCountry "SLO"]
[SourceTitle "playchess.com"]
[Source "ChessBase"]
[SourceQuality "1"]
[TimeControl "5400+30"]

1. d4 f5 2. c4 Nf6 3. g3 g6 4. Bg2 Bg7 5. Nf3 O-O 6. O-O d6 7. Nc3 c6 8. d5 e5 9. dxe6 Bxe6 10. b3 Na6 11. Bb2 Qe7 12. Ng5 Bd7 13. Qc2 {[%emt 0:10:52] A88: Dutch Defence: Leningrad System: 5 Nf3 0-0 6 0-0 d6 7 Nc3 c6.} Rad8 (13... Ng4 {is more complex.} 14. Qd2 Rad8 15. Rad1 Bc8) 14. Rad1 Rfe8 (14... Ng4 {keeps more tension.} 15. Qd2 Bc8 16. h3 Nf6) 15. Rfe1 {[%emt 0:02:47] White has an edge.} (15. e3 {looks sharper.} Ng4 16. Nf3 Nc5 17. h3) 15... h6 16. Nf3 {[%emt 0:10:13] [#]} Nc5 $146 ({Predecessor:} 16... d5 17. cxd5 Nb4 18. Qc1 Nfxd5 19. Nxd5 Nxd5 20. Nh4 Bxb2 21. Qxb2 Nf4 22. gxf4 Qxh4 {½-½ (41) Makarjev,I (2335)-Yagupov,I (2410) Orel 1992}) 17. b4 Nce4 18. e3 Be6 19. Nxe4 fxe4 20. Nd2 d5 21. cxd5 cxd5 22. a3 Rc8 23. Qb1 Ng4 24. Bxg7 Qxg7 25. f3 exf3 26. Nxf3 Bf5 {[%emt 0:04:34] Inhibits e4.} 27. Qb3 Be4 28. Rc1 {[%emt 0:00:15] Inhibits Rc3.} (28. Rd4 $11 Kh7 29. Bh3 Bxf3 30. Bxg4 Bxg4 31. Rxg4) 28... Qf6 $17 29. h3 {[%emt 0:07:02] [#]} Rxc1 ({Weaker is} 29... Bxf3 30. hxg4 Bxg2 31. Rxc8 Rxc8 32. Kxg2 $11) (29... Qd6 $1 $17 {...Bxf3 is the strong threat.} 30. hxg4 Qxg3) 30. Rxc1 $11 Ne5 31. Nd2 Bxg2 32. Kxg2 Qf7 33. Rc5 $132 {[%emt 0:04:24][%mdl 2048] White has counterplay} Rd8 34. e4 dxe4 35. Qxf7+ Kxf7 36. Nxe4 {[%emt 0:00:03][%mdl 4096] Endgame KRN-KRN} Ke6 37. Rc7 Kf5 38. Nf2 Rd7 39. Rxd7 (39. Rc8 $11) 39... Nxd7 {[%emt 0:00:01] KN-KN} 40. Kf3 ({White should try} 40. Nd3) 40... Ne5+ $17 41. Ke2 {[%emt 0:00:13] [#]} b5 ({Black should play} 41... Ke6 $1 $17) 42. Nd1 $15 Nc4 43. Kd3 Nxa3 44. Ne3+ Ke6 45. Kc3 Ke5 {[%emt 0:00:26] And now ...Ke4 would win.} 46. Ng4+ Ke4 {[%emt 0:00:16] Hoping for ...Kf3.} 47. Nxh6 Kf3 48. g4 Kg3 49. Kd4 (49. g5 $11) 49... Kxh3 $17 50. g5 Kh4 (50... Nc2+ $17 51. Kc3 Ne1) 51. Nf7 $11 {[%emt 0:00:01] The position is equal.} Nc2+ 52. Kc3 Na3 {[%emt 0:00:37] aiming for ...a6.} 53. Kd4 a6 {[%emt 0:02:01][%cal Ba7a6,Ba6a5,Ba5a4,Ba4a3,Ba3a2][%mdl 32] Threatens to win with ...Nc2+.} 54. Ke5 $1 Nc2 55. Kf6 Kh5 (55... Nxb4 56. Kxg6 Nd5 57. Kf5 $11) 56. Ne5 Nxb4 57. Nxg6 {[%emt 0:00:07] Black must now prevent Nf4+.} Nd5+ 58. Kf5 a5 59. Ne5 a4 60. Nd3 ({Avoid the trap} 60. g6 $2 a3 61. Nc6 a2 $19) 60... b4 ({But not} 60... a3 61. Nc1 $15) 61. Nc5 $1 a3 62. Nb3 a2 63. g6 Kh6 64. Ke5 Ne3 65. Kd4 Nc2+ 66. Kd3 Na3 67. Kd2 Kxg6 68. Kc1 Nc4 69. Na1 Kf5 70. Kc2 Na5 (70... Ke4 $5) 71. Kb2 Ke4 72. Kxa2 Kd3 {[%emt 0:00:19] ( -> ...Kc3)} 73. Kb2 b3 74. Nxb3 {[%emt 0:00:04] Weighted Error Value: White=0.15 (very precise) /Black=0.12 (very precise)} 1/2-1/2

[Event "26th Hit Open-A 2022"]
[Site "Nova Gorica"]
[Date "2022.09.21"]
[Round "8.13"]
[White "Garsky, Vladyslav"]
[Black "Beliavsky, Alexander G"]
[Result "0-1"]
[ECO "B10"]
[WhiteElo "2229"]
[BlackElo "2505"]
[Annotator "TA"]
[PlyCount "66"]
[EventDate "2022.09.16"]
[EventType "swiss"]
[EventCountry "SLO"]
[SourceTitle "playchess.com"]
[Source "ChessBase"]
[SourceQuality "1"]
[TimeControl "5400+30"]

1. e4 c6 2. Nf3 d5 3. d3 g6 4. Nbd2 Bg7 5. g3 e5 6. Bg2 Ne7 7. O-O O-O 8. Re1 d4 9. Nb3 {[%emt 0:06:03] [#] B10: Caro-Kann: 2 d3 and 2 c4.} (9. Nc4 $11) 9... Na6 $146 ({Predecessor:} 9... a5 10. a4 Na6 11. c3 c5 12. Qc2 Nc6 13. Nbd2 Be6 14. Nc4 h6 15. Qe2 Qc7 16. Nh4 Qd8 {1-0 (41) Jurkovic,A (2274)-Tica,S (2396) Zagreb 2019}) 10. c3 c5 $1 11. cxd4 {[%emt 0:02:28] Black is slightly better.} cxd4 12. Bd2 Bd7 13. Na5 Nc6 14. Nxc6 $1 ({Don't go for} 14. Nxb7 $2 Qc7 15. b4 (15. Qb3 $2 Rab8 $19) 15... Qxb7 $19) 14... bxc6 15. Qa4 Qb6 16. Ba5 Qb5 17. Qxb5 cxb5 18. Rac1 {[%emt 0:00:54] Black keeps a firm grip on the game.} Rfc8 19. Bf1 f6 20. Be2 Be6 21. Nd2 (21. Bd2 $17) 21... Bh6 $19 ({Inferior is} 21... Bxa2 22. Bg4 Rc5 23. b3 $11) 22. b3 (22. Red1 $142) 22... Nc5 23. f4 exf4 24. Nf3 fxg3 25. Kg2 $2 (25. Rcd1) 25... Bxc1 26. Rxc1 gxh2 {[%emt 0:02:09] aiming for ...Bg4.} 27. Nxd4 Bd7 {[%emt 0:00:19] [#] Strongly threatening ...Ne6.} ({Stronger than} 27... Nb7 28. Bc7 Bd7 29. Bf3 $19) 28. Rf1 (28. Rd1 $142) 28... Ne6 {[%emt 0:01:22] Black is clearly winning.} 29. Nxe6 Bxe6 30. d4 Rc2 31. Rf2 Rxa2 32. Bb4 Bxb3 {[%emt 0:00:48] [#] ...Re8 is the strong threat.} 33. Kxh2 Re8 {[%emt 0:01:39] Weighted Error Value: White=0.50/Black=0.06 (flawless)} 0-1